 Dungeon Crawl Stone Soup version 0.31-a0-569-g7ea453304b (webtiles) character file.

Game seed: 8291457249936993260

116 JackS81 the Grasshopper (level 4, -5/22 HPs)
             Began as a Spriggan Warper on Aug 18, 2023.
             Slain by a gnoll
             ... wielding a +0 whip
              (9 damage)
             ... on level 3 of the Dungeon.
             The game lasted 00:11:14 (3066 turns).

JackS81 the Grasshopper (Spriggan Warper)           Turns: 3066, Time: 00:11:14

Health: -5/22      AC:  2    Str:  9    XL:     4   Next: 69%
Magic:  9/9        EV: 18    Int: 14    God:
Gold:   194        SH:  0    Dex: 14    Spells: 3/8 levels left

rFire   . . .        a - +0 short sword
rCold   . . .        (no shield)
rNeg    . . .        b - +0 robe
rPois   .            (helmet restricted)
rElec   .            (no cloak)
rCorr   .            (gloves unavailable)
SInv    +            (boots unavailable)
Will    .....        (no amulet)
Stlth   +            (no ring)
HPRegen 0.23/turn    (no ring)
MPRegen 0.11/turn

%: no passive effects
@: very quick
A: very small, no large weapons, unfitting armour, see invisible, speed 3
a: no special abilities


You were on level 3 of the Dungeon.
You visited 1 branch of the dungeon, and saw 4 of its levels.

You collected 194 gold pieces.

Inventory:

Hand Weapons
 a - a +0 short sword (weapon)
 f - a +0 whip
Missiles
 d - 5 darts of dispersal
 h - 10 stones (quivered)
 m - 2 poisoned darts
 v - 5 curare-tipped darts
Armour
 b - a +0 robe (worn)
Magical Staves
 o - a staff of earth
Jewellery
 u - a +6 ring of dexterity
Scrolls
 c - a scroll of blinking
 g - a scroll of amnesia {unknown}
 j - a scroll of fear {unknown}
 k - 3 scrolls of identify {unknown}
 l - a scroll of teleportation
 r - a scroll of poison {unknown}
 s - a scroll of fog {unknown}
 w - a scroll of vulnerability {unknown}
 x - a scroll of acquirement {unknown}
Potions
 e - a potion of lignification {unknown}
 i - a potion of attraction
 n - a potion of heal wounds {unknown}
 p - a potion of haste {unknown}
 q - a potion of brilliance {unknown}
 t - a potion of cancellation {unknown}
 z - a potion of resistance {unknown}


   Skills:
 - Level 1.5 Fighting
 * Level 4.4 Short Blades
 - Level 1.0 Throwing
 + Level 4.2 Dodging
 + Level 0.5 Stealth
 - Level 2.9 Spellcasting
 + Level 5.0 Translocations


You had 3 spell levels left.
You knew the following spells:

 Your Spells              Type           Power      Damage    Failure   Level
a - Vhi's Electric Charg  Tloc/Air       18%        N/A       24%         3
b - Blink                 Tloc           32%        N/A       4%          2

Your spell library contained the following spells:

 Spells                   Type           Power      Damage    Failure   Level
 Lesser Beckoning         Tloc           32%        N/A       4%          2
 Gell's Gravitas          Tloc           16%        N/A       9%          3
 Teleport Other           Tloc           16%        N/A       9%          3
 Summon Small Mammal      Summ           8%         N/A       22%         1
 Call Canine Familiar     Summ           2%         N/A       54%         3
 Summon Guardian Golem    Hex/Summ       2%         N/A       54%         3
 Manifold Assault         Tloc           16%        N/A       26%         4


Dungeon Overview and Level Annotations

Branches:
Dungeon (4/15)
 Temple: D:4-7

Altars:

Annotations:
D:4 Pikel


Innate Abilities, Weirdness & Mutations

You are very small and have problems with some larger weapons.
You are too small for most types of armour.
You have supernaturally acute eyesight. (SInv)
You cover ground extremely quickly. (Speed+++)


Message History

Press: ? - help, Q - select action, (/) - cycle Shift-Dir - straight line, f/p - gnoll
Aim: a gnoll, wielding a +0 whip (lightly wounded, pursuing quickly, 58% to hit)
You throw a stone. The stone closely misses the gnoll.
Throw: 13 stones
Press: ? - help, Q - select action, (/) - cycle Shift-Dir - straight line, f/p - gnoll
Aim: a gnoll, wielding a +0 whip (pursuing quickly, 58% to hit)
You throw a stone. The stone barely misses the gnoll.
Throw: 12 stones
Press: ? - help, Q - select action, (/) - cycle Shift-Dir - straight line, f/p - gnoll
Aim: a gnoll, wielding a +0 whip (pursuing quickly, 58% to hit)
You throw a stone. The stone closely misses the gnoll.
Throw: 11 stones
Press: ? - help, Q - select action, (/) - cycle Shift-Dir - straight line, f/p - gnoll
Aim: a gnoll, wielding a +0 whip (pursuing quickly, 58% to hit)
You throw a stone. The stone barely misses the gnoll.
The gnoll is no longer moving quickly.
You open the door.
There is an open door here.
The gnoll puts on a burst of speed as it pursues you!
There is an open door here.
You hit the gnoll.
The gnoll is lightly wounded.
The gnoll hits you with a +0 whip!
You closely miss the gnoll.
The gnoll is lightly wounded.
The gnoll hits you with a +0 whip.
* * * LOW HITPOINT WARNING * * *
You hit the gnoll but do no damage.
The gnoll is lightly wounded.
The gnoll barely misses you.
You hit the gnoll.
The gnoll is moderately wounded.
The gnoll hits you with a +0 whip.
* * * LOW HITPOINT WARNING * * *
You hit the gnoll.
The gnoll is heavily wounded.
You barely miss the gnoll.
The gnoll is heavily wounded.
The gnoll hits you with a +0 whip!
You die...

....................+.........'..
....#.##..###....####.........###
..........# ###.## ##......g##
.##.#####.# #.# ##.....## .##.#
#.# #.# ##...## .##.#####.# #.#
###'#### .##.......# #.# #.>....#
.########## ##.#### #g#.##.# .#
##..@#.## #.#.##.#### .#
##.###g..###....<..... .# #.##
##<..##......#### .# #.#
#.........#.# .# #.##
##...##.#.##.# ##
##.###...###......# ##...#.##
######## #######


You could see a gnoll.

Vanquished Creatures
  Robin (D:3)
  3 adders
  A worm (D:2)
  A dart slug (D:1)
  An orc (D:4)
  6 endoplasms
  5 giant cockroaches
  11 goblins
  6 hobgoblins
  3 jackals (D:1)
  4 quokkas
  3 ball pythons
  8 bats
  A frilled lizard (D:1)
  7 kobolds
  4 rats
65 creatures vanquished.

Notes
Turn   | Place    | Note
-------+----------+-------------------------------------------
     0 | D:1      | JackS81 the Spriggan Warper began the quest for the Orb.
     0 | D:1      | Reached XP level 1. HP: 10/10 MP: 5/5
    75 | D:1      | Reached XP level 2. HP: 14/14 MP: 6/6
   456 | D:1      | Found a faded altar of an unknown god.
   456 | D:1      | Noticed a great orb of eyes
   527 | D:1      | Noticed a golden eye
   529 | D:1      | Noticed a shining eye
   529 | D:1      | Noticed a floating eye
   718 | D:1      | Reached XP level 3. HP: 18/18 MP: 8/8
  1047 | D:2      | Reached skill level 5 in Translocations
  1076 | D:2      | Learned a level 3 spell: Vhi's Electric Charge
  1096 | D:2      | Learned a level 2 spell: Blink
  1323 | D:2      | Reached XP level 4. HP: 6/22 MP: 9/9
  1622 | D:2      | HP: 1/22 [worm (6)]
  2068 | D:3      | Noticed Robin
  2082 | D:3      | Killed Robin
  2852 | D:4      | Noticed Pikel
  2852 | D:4      | Noticed a lemure
  3066 | D:3      | Slain by a gnoll

Illustrated notes

Levels and vault maps discovered:
D:1:      ncdulo_halloftheorcs, layout_loops_ring,
          hellmonk_ecumenical_altar_watching_god, chequers_serial_rivers_small_3
D:2:      layout_basic
D:3:      layout_loops_corners, uniq_robin
D:4:      layout_gridville, general_overflow_altar, uniq_pikel

Skill      XL: |  1  2  3  4 |
---------------+-------------+-----
Short Blades   | 3 4 |  4.4
Translocations | 5 |  5.0
Dodging        | 4 |  4.2
Fighting       | |  1.5
Throwing       | |  1.0
Stealth        | |  0.5
Spellcasting   | |  2.9

Action                     |  1- 3 |  4- 6 || total
---------------------------+-------+-------++-------
  Melee: Short sword       |   205 |   107 ||   312
         Punch             |     6 |       ||     6
  Throw: Stone             |       |    12 ||    12
         Dart              |       |     4 ||     4
   Cast: Blink             |       |     1 ||     1
         Vhi's Electric Ch |       |     1 ||     1
    Use: Potion            |       |     3 ||     3
         Scroll            |       |     1 ||     1
   Stab: Sleeping          |     1 |     2 ||     3
 Armour: Robe              |    16 |     3 ||    19
  Dodge: Dodged            |   158 |    52 ||   210

Table legend: (Time is in decaauts)
 A = Elapsed time spent in this place.
 B = Non-inter-level travel time spent in this place.
 C = Inter-level travel time spent in this place.
 D = Time resting spent in this place.
 E = Time spent auto-exploring this place.
 F = Levels seen in this place.
 G = Mean time per level.
                   A        B        C        D        E       F      G
               +--------+--------+--------+--------+--------+-----+--------+
         Total |   2112 |   2049 |     63 |     24 |   1351 |   4 |  528.0 |
       Dungeon |   2112 |   2049 |     63 |     24 |   1351 |   4 |  528.0 |
               +--------+--------+--------+--------+--------+-----+--------+

Top non-repeatable levels by time:
     D:3: 717 daAuts
     D:1: 689 daAuts
     D:2: 586 daAuts
     D:4: 119 daAuts
